 Dungeon Crawl Stone Soup version 0.31-a0-187-gba352fbbf7 (webtiles) character file.

Game seed: 1605275213859668133

60 qw the Shooter (level 3, -3/20 HPs)
             Began as a Deep Elf Hunter on June 22, 2023.
             Killed from afar by Natasha (8 damage)
             ... with a magic dart
             ... on level 2 of the Dungeon.
             The game lasted 00:00:20 (691 turns).

qw the Shooter (Deep Elf Hunter)                     Turns: 691, Time: 00:00:20

Health: -3/20      AC:  5    Str: 10    XL:     3   Next: 82%
Magic:  5/5        EV: 11    Int: 13    God:
Gold:   111        SH:  0    Dex: 18    Spells: 2/2 levels left

rFire   . . .        Y - +1 shortbow
rCold   . . .        (shield currently unavailable)
rNeg    . . .        e - +0 ring mail
rPois   .            (no helmet)
rElec   .            (no cloak)
rCorr   .            (no gloves)
SInv    .            (no boots)
Will    .....        (no amulet)
Stlth   +            (no ring)
HPRegen 0.23/turn    (no ring)
MPRegen 0.09/turn

%: no passive effects
@: slowed, very slow
A: no striking features
a: no special abilities


You were on level 2 of the Dungeon.
You visited 1 branch of the dungeon, and saw 2 of its levels.

You collected 111 gold pieces.


   Skills:
 - Level 1.5 Fighting
 + Level 7.3 Ranged Weapons
 - Level 2.4 Dodging
 - Level 1.2 Stealth


You had 2 spell levels left.
You didn't know any spells.
Your spell library was empty.

Inventory:

Hand Weapons
 Y - a +1 shortbow (weapon)
Armour
 e - a +0 ring mail (worn)
Potions
 f - a potion of lignification {unknown}

Dungeon Overview and Level Annotations

Branches:
Dungeon (2/15)

Altars:

Annotations:
D:2 Natasha


Message History

Enter note: You shoot an arrow.
The arrow hits the kobold.
You kill the kobold!
Found a stone.
You now have 111 gold pieces (gained 11).
A kobold comes into view. It is wielding a +0 whip.
Found a stone staircase leading down.
You shoot an arrow. The arrow hits Natasha.
Natasha is moderately wounded.
You shoot an arrow. The arrow hits Natasha.
Natasha is moderately wounded.
Natasha casts a spell at you.
You feel yourself slow down.
You shoot an arrow. The arrow closely misses Natasha.
You shoot an arrow.
The arrow hits Natasha but does no damage.
Natasha is moderately wounded.
Natasha claws you.
Natasha casts a spell.
You shoot an arrow. The arrow hits Natasha.
Natasha is heavily wounded.
Natasha casts a spell.
The cerulean imp hits you from afar with a +1 spear.
Natasha closely misses you.
You shoot an arrow. The arrow hits Natasha.
Natasha is heavily wounded.
The cerulean imp hits you but does no damage.
Natasha claws you.
The cerulean imp hits you from afar with a +2 spear.
The cerulean imp closely misses you. Natasha barely misses you.
You shoot an arrow. The arrow barely misses Natasha.
The cerulean imp hits you but does no damage.
The cerulean imp hits you from afar with a +1 spear.
Natasha completely misses you.
The cerulean imp hits you from afar with a +2 spear.
You shoot an arrow. The arrow closely misses Natasha.
The cerulean imp hits you from afar with a +1 spear.
Natasha stares at you and mumbles some strange words.
The magic dart hits you!
You die...

#...............''..
#...............##.. .
#...............##.. ..
#...............##..
...##...............##..
....................##..
.....5..............##..
..(...K.............# ..
>.....h@............#
...)................#
.....5......>.......#
......###############
...... ...... .....
.....


You could see Natasha, 2 cerulean imps and a kobold.

Vanquished Creatures
  Natasha (D:2)
  An adder (D:2)
  A ball python (D:1)
  3 bats
  2 endoplasms
  2 goblins (D:1)
  A hobgoblin (D:1)
  4 jackals (D:1)
  2 quokkas
  3 frilled lizards
  2 kobolds (D:2)
  2 rats (D:1)
24 creatures vanquished.

Notes
Turn   | Place    | Note
-------+----------+-------------------------------------------
     0 | D:1      | qw the Deep Elf Hunter began the quest for the Orb.
     0 | D:1      | Reached XP level 1. HP: 12/12 MP: 3/3
     0 | D:1      | 0 ||| qw: Version: 0.3-a-9-g12657ce
     0 | D:1      | 0 ||| qw: Game counter: 2679
     0 | D:1      | 0 ||| qw: Always use a shield: true
     0 | D:1      | 0 ||| qw: God list: Okawaru
     0 | D:1      | 0 ||| qw: Allow faded altars: false
     0 | D:1      | 0 ||| qw: Do Orc after D:15 true
     0 | D:1      | 0 ||| qw: Do second Lair branch before Depths: true
     0 | D:1      | 0 ||| qw: Lair rune preference: random
     0 | D:1      | 0 ||| qw: Plans: Normal
     0 | D:1      | 0 ||| PLANNING D:1-11
   206 | D:1      | Reached skill level 6 in Ranged Weapons
   206 | D:1      | Reached XP level 2. HP: 16/16 MP: 4/4
   377 | D:1      | 377 ||| UPGRADING to +0 ring mail.
   387 | D:1      | 387 ||| DROPPING +0 leather armour.
   388 | D:1      | 388 ||| READING scroll labelled TONENE BONNA.
   393 | D:1      | 393 ||| READING scroll labelled UVAFUA OFRO.
   394 | D:1      | 394 ||| DROPPING scroll of butterflies.
   438 | D:2      | Noticed Natasha
   442 | D:2      | Killed Natasha
   443 | D:2      | Reached XP level 3. HP: 20/20 MP: 5/5
   453 | D:2      | 453 ||| FLEEEEING.
   454 | D:2      | 454 ||| FLEEEEING.
   455 | D:2      | 455 ||| STAIRDANCE
   557 | D:1      | 557 ||| READING scroll labelled JIFURA YXZY.
   561 | D:2      | Reached skill level 7 in Ranged Weapons
   676 | D:2      | Noticed Natasha
   690 | D:2      | HP: 5/20 [cerulean imp/+2 spear[Natasha] (2)]
   691 | D:2      | Killed from afar by Natasha

Levels and vault maps discovered:
D:1:      amcnicky_arrival_choice, layout_basic
D:2:      layout_basic, uniq_natasha, uniq_terence

Skill      XL: |  1  2  3 |
---------------+----------+-----
Ranged Weapons | 6 7 |  7.3
Fighting       | |  1.5
Dodging        | |  2.4
Stealth        | |  1.2

Action                     || total
---------------------------++-------
   Fire: Shortbow          ||    68
    Use: Scroll            ||     3
 Armour: Leather armour    ||     2
         Ring mail         ||     9
  Dodge: Dodged            ||    16

Table legend:
 A = Non-vault XP
 B = Vault XP
 C = Vault XP percentage of total XP
 D = Non-vault monster count
 E = Vault monster count
 F = Vault count percentage of total count
                 A         B        C        D         E       F
            +---------+---------+-------+---------+---------+-------
      Total |      52 |      35 |  40.2 |      23 |       1 |   4.2
            +---------+---------+-------+---------+---------+-------
        D:1 |      25 |       0 |   0.0 |      14 |       0 |   0.0
        D:2 |      27 |      35 |  56.5 |       9 |       1 |  10.0
            +---------+---------+-------+---------+---------+-------
